 Dungeon Sprint DCSS version 0.28-a0-863-g8cecda6153 (webtiles) character file.

Game seed: 13678796975293593128

161 Turgor the Skirmisher (level 5, -1/45 HPs)
             Began as a Djinni Fire Elementalist on Nov 19, 2021.
             Was an Initiate of Makhleb.
             Slain by an orc warrior (14 damage)
             ... in the Dungeon (Sprint IX: "|||||||||||||||||||||||||||||").
             The game lasted 00:05:42 (293 turns).

Turgor the Skirmisher (Djinni Fire Elementalist)     Turns: 293, Time: 00:05:43

Health: -1/45      AC:  3    Str:  3    XL:     5   Next: 70%
Gold:   0          EV: 16    Int: 20    God:    Makhleb [......] SH:  0 Dex: 14

rFire   + + .      SeeInvis .   h - +2 scimitar of Noxtuaty {antimagic, Contam rC+++ rCorr Str-4}
rCold   + + .      Faith    .   (no shield)
rNeg    . . .      Spirit   .   a - +0 robe
rPois   ∞          Reflect  .   (no helmet)
rElec   .          Harm     .   (no cloak)
rCorr   +          Rampage  .   i - +0 pair of gloves
Will    .....      NoTele   +   (boots unavailable)
Stlth   ++........              (no amulet)
HPRegen 0.15/turn               k - +2 ring of evasion
MPRegen 0.00/turn               l - +3 ring of intelligence

@: flying
A: sickness immunity, fire resistance 2, cold vulnerability 1, float, innate
caster, hp casting, extra vitality 1
a: Renounce Religion


You were in the Dungeon.
You worshipped Makhleb.
Makhleb was noncommittal.
You visited 1 branch

Inventory:

Hand Weapons
 h - the +2 scimitar of Noxtuaty (weapon) {antimagic, Contam rC+++ rCorr Str-4}
   (You found it in the Dungeon)

   It reduces the magical energy of the wielder, and disrupts the spells and
   magical abilities of those it strikes.
   Natural abilities and divine invocations are not affected.
   Str:       It affects your strength (-4).
   rC:        It renders you almost immune to cold.
   Contam:    It causes magical contamination when unequipped.
   rCorr:     It protects you from acid and corrosion.
Armour
 a - a +0 robe (worn)
 i - a +0 pair of gloves (worn)
 j - a +1 chain mail
Jewellery
 k - a +2 ring of evasion (left hand)
 l - a +3 ring of intelligence (right hand)
Wands
 g - a wand of iceblast (10)
Scrolls
 f - 2 scrolls of blinking
Potions
 b - 5 potions of curing
 c - a potion of invisibility
 d - a potion of haste
 e - 2 potions of heal wounds


   Skills:
 * Level 5.9 Fighting
 + Level 3.9 Armour
 + Level 5.0 Dodging
 - Level 1.5 Stealth
 * Level 5.3 Spellcasting


You couldn't memorise any spells.
You knew the following spells:

 Your Spells              Type           Power      Damage    Failure   Level
a - Foxfire               Conj/Fire      100%       2x1d9     1%          1
b - Scorch                Fire           52%        2d7       1%          2
c - Conjure Flame         Conj/Fire      26%        6-21      3%          3
d - Inner Flame           Hex/Fire       26%        N/A       3%          3
e - Flame Wave            Conj/Fire      26%        3d6       13%         4
f - Sandblast             Erth           52%        2d12      1%          1
g - Corpse Rot            Necr/Air       52%        N/A       1%          2
Your spell library was empty.

Dungeon Overview and Level Annotations

Branches:
Dungeon (1/1)

Altars:
Cheibriados
Dithmenos
Elyvilon
Fedhas
Gozag
Hepliaklqana
Kikubaaqudgha
Makhleb
Nemelex Xobeh
Okawaru
Qazlal
Ru
Sif Muna
Trog
Uskayaw
Vehumet
Wu Jian
Xom
Yredelemnul
Zin
The Shining One
Beogh
Jiyva
Lugonu


Innate Abilities, Weirdness & Mutations

You are immune to sickness and miasma.
You are immune to poison.
Your flesh is very heat resistant. (rF++)
You are vulnerable to cold. (rC-)
You float through the air rather than walking.
You learn spells naturally, not from books.
Your magical power is your life essence.
You have superior vitality. (+4 HP)


Message History

i - a +0 pair of boots Drop what? 9/52 slots (_ for help) (? for menu, Esc to quit)
You drop a +0 pair of boots.
You see here a +0 pair of gloves.
i - a +0 pair of gloves You start putting on your armour.
You continue putting on your +0 pair of gloves. x4
You finish putting on your +0 pair of gloves.
You see here a +1 chain mail.
j - a +1 chain mail
k - a +2 ring of evasion
l - a +3 ring of intelligence
k - a +2 ring of evasion (left hand)
You feel clever.
l - a +3 ring of intelligence (right hand)
You reach down and open the door.
A yak, a gnoll sergeant, an orc warrior, a troll, a shadow and a zombie come into view.
The orc warrior shouts!
The troll shouts!
The gnoll sergeant shouts!
Casting: Scorch (safe; 1% risk of failure)
Confirm with . or Enter, or press ? or * to list all spells.
Flames lash the shadow.
The shadow is lightly damaged.
The shadow's fire resistance burns away.
The orc warrior hits you with a +0 battleaxe!
Unknown command.
Casting: Scorch (safe; 1% risk of failure)
Confirm with . or Enter, or press ? or * to list all spells.
Flames lash the jackal zombie.
You destroy the jackal zombie!
Makhleb accepts your kill. The orc warrior completely misses you.
Unknown command.
You barely miss the orc warrior. The orc warrior barely misses you.
The orc warrior hits you with a +0 battleaxe!
* * * LOW HITPOINT WARNING * * *
Unknown command.
You barely miss the orc warrior.
The shadow is no longer more vulnerable to fire.
The orc warrior hits you with a +0 battleaxe!
You die...

▓.▓
▓.▓
▓g▓
▓Y▓
▓T▓
▓W▓
▓o▓
▓@▓
▓.▓
▓.▓
▓.▓
▓[▓
▓.▓
▓)▓
▓?▓
▓!▓


You could see a yak, a troll, an orc warrior, a gnoll sergeant and a shadow.

Vanquished Creatures
  An ogre (D)
  A scorpion (D)
  A white imp (D)
  A dart slug (D)
  2 hobgoblins (D)
  2 quokkas (D)
  2 bats (D)
  A jackal zombie (D)
11 creatures vanquished.

Notes
Turn   | Place    | Note
-------+----------+-------------------------------------------
     0 | D        | Turgor the Djinni Fire Elementalist began the quest for the
                  | Orb.
     0 | D        | Reached XP level 1. HP: 15/15 MP: 0/0
     0 | D        | Banished a spatial maelstrom
    15 | D        | Reached skill level 1 in Fighting
    20 | D        | Reached skill level 1 in Armour
    21 | D        | Reached XP level 2. HP: 23/23 MP: 0/0
    60 | D        | Noticed a scorpion
    60 | D        | Noticed an ogre
    69 | D        | HP: 1/23 [quokka (4)]
    72 | D        | Killed an ogre
    73 | D        | Reached XP level 3. HP: 23/32 MP: 0/0
    73 | D        | Learned a level 1 spell: Sandblast
    73 | D        | Reached XP level 4. HP: 27/38 MP: 0/0
    75 | D        | Reached XP level 5. HP: 26/42 MP: 0/0
    75 | D        | Learned a level 2 spell: Corpse Rot
    77 | D        | Reached skill level 5 in Fighting
    77 | D        | Reached skill level 5 in Spellcasting
    78 | D        | Reached skill level 5 in Dodging
   233 | D        | Found a snail-covered altar of Cheibriados.
   233 | D        | Found a shadowy altar of Dithmenos.
   233 | D        | Found a white marble altar of Elyvilon.
   233 | D        | Found a blossoming altar of Fedhas.
   233 | D        | Found an opulent altar of Gozag.
   234 | D        | Found a hazy altar of Hepliaklqana.
   235 | D        | Found a viscous altar of Jiyva.
   237 | D        | Found a corrupted altar of Lugonu.
   238 | D        | Found a burning altar of Makhleb.
   239 | D        | Found a sparkling altar of Nemelex Xobeh.
   240 | D        | Found an iron altar of Okawaru.
   241 | D        | Found a stormy altar of Qazlal.
   242 | D        | Found a sacrificial altar of Ru.
   244 | D        | Found a bloodstained altar of Trog.
   245 | D        | Found a hide-covered altar of Uskayaw.
   246 | D        | Became a worshipper of Makhleb the Destroyer
   248 | D        | Found an ornate altar of the Wu Jian Council.
   249 | D        | Found a shimmering altar of Xom.
   250 | D        | Found a basalt altar of Yredelemnul.
   251 | D        | Found a glowing silver altar of Zin.
   252 | D        | Found a glowing golden altar of the Shining One.
   268 | D        | Got the +2 scimitar of Noxtuaty {antimagic, Contam rC+++
                  | rCorr Str-4}
   289 | D        | Noticed a yak
   289 | D        | Noticed a troll
   289 | D        | Noticed a shadow
   289 | D        | Noticed an orc warrior
   293 | D        | Slain by an orc warrior

Illustrated notes

Levels and vault maps discovered:
D:        linesprint [early_d, line_temple, items_1, d_10, items_2, lair_1,
          lair_end, items_3, orc_1, orc_end, items_4, d_15, swamp_1, shoals_1,
          snake_1, spider_1, d_20, vaults_1, items_5, swamp_end, shoals_end,
          snake_end, spider_end, vaults_end, d_27, items_6, zot_1, zot_end,
          crypt_end, forest_end, elf_end, slime_end, tomb_end, abyss_end,
          pan_hell_end]

Skill      XL: |  1  2  3  4  5 |
---------------+----------------+-----
Fighting       | 1 4 5 |  5.9
Armour         | 1 3 |  3.9
Dodging        | 4 5 |  5.0
Spellcasting   | 4 5 |  5.3
Stealth        | |  1.5

Action                   |  1- 3 |  4- 6 || total
-------------------------+-------+-------++-------
Melee: Unarmed           |    16 |       ||    16
       Scimitar          |       |     2 ||     2
 Cast: Foxfire           |     1 |       ||     1
       Scorch            |     6 |     7 ||    13
  Use: Potion            |     2 |       ||     2
Armor: Robe              |     3 |       ||     3
Dodge: Dodged            |    16 |     2 ||    18

Table legend: (Time is in decaauts)
 A = Elapsed time spent in this place.
 B = Non-inter-level travel time spent in this place.
 C = Inter-level travel time spent in this place.
 D = Time resting spent in this place.
 E = Time spent auto-exploring this place.
 F = Levels seen in this place.
 G = Mean time per level.
                   A        B        C        D        E       F      G
               +--------+--------+--------+--------+--------+-----+--------+
         Total |    295 |    295 |      0 |    189 |      0 |   1 |  295.0 |
       Dungeon |    295 |    295 |      0 |    189 |      0 |   1 |  295.0 |
               +--------+--------+--------+--------+--------+-----+--------+

Top non-repeatable levels by time:
       D: 295 daAuts
